 Dungeon Crawl Stone Soup version 0.25.0-10-g039870ee82 (webtiles) character file.

Game seed: 17308559078694469124

28 DeadF the Sneak (level 2, -2/11 HPs)
             Began as a Felid Enchanter on June 22, 2020.
             Slain by a kobold (3 damage)
             ... on level 2 of the Dungeon.
             The game lasted 00:01:32 (905 turns).

DeadF the Sneak (Felid Enchanter)                    Turns: 905, Time: 00:01:33

Health: -2/11      AC:  1    Str:  4    XL:     2   Next: 96%
Magic:  6/6        EV: 18    Int: 16    God:
Gold:   30         SH:  0    Dex: 16    Spells: 2/5 levels left
                                        Lives:  0   Deaths: 0

rFire    . . .     SeeInvis +     - Unarmed
rCold    . . .     Gourm    .   (shield unavailable)
rNeg     . . .     Faith    .   (armour unavailable)
rPois    .         Spirit   .   (helmet unavailable)
rElec    .         Reflect  .   (cloak unavailable)
rCorr    .         Harm     .   (gloves unavailable)
MR       .....                  (boots unavailable)
Stlth    +++.......             (no amulet)
HPRegen  0.03/turn              f - ring of wizardry
MPRegen  0.10/turn              (no ring)

@: quick
A: very small, no armour, no weapons or thrown items, stealth, claws 1, fangs 3,
see invisible, carnivore, speed 1, shaggy fur 1, slow metabolism 1, sharp paws
a: no special abilities


You were on level 2 of the Dungeon.
You were completely stuffed.

You visited 1 branch of the dungeon, and saw 2 of its levels.

You collected 30 gold pieces.

Inventory:

Jewellery
 f - a ring of wizardry (left paw)
 g - a cursed amulet of inaccuracy {unknown}
Scrolls
 a - a scroll of identify {unknown}
 c - a scroll of noise {unknown}
 d - a scroll of remove curse {unknown}
 e - a scroll of fear {unknown}
 j - a scroll of enchant weapon {unknown}
Potions
 h - a potion of magic {unknown}
Comestibles
 b - a ration
 i - a chunk of flesh


   Skills:
 + Level 2.9 Dodging
 + Level 4.9 Stealth
 + Level 1.2 Unarmed Combat
 + Level 2.1 Spellcasting
 + Level 4.8 Hexes


You had 2 spell levels left.
You knew the following spells:

 Your Spells              Type           Power        Failure   Level  Hunger
a - Corona                Hex            ###....      1%          1    #......
b - Ensorcelled Hibernat  Hex/Ice        #.....       4%          2    ###....

Your spell library contained the following spells:

 Spells                   Type           Power        Failure   Level  Hunger
 Confusing Touch          Hex            ###.....     3%          3    ###....
 Tukima's Dance           Hex            ###.....     3%          3    ###....
 Dazzling Flash           Conj/Hex       #.....       9%          3    ###....


Dungeon Overview and Level Annotations

Branches:
Dungeon (2/15)

Altars:


Innate Abilities, Weirdness & Mutations

You cannot wear armour.
You are incapable of wielding weapons or throwing items.
Your paws allow you to move quietly. (Stealth)
You have sharp claws.
You have razor-sharp teeth.
You have supernaturally acute eyesight. (SInv)
You are carnivorous and can eat meat at any time.
You cover ground quickly.
You are covered in fur. (AC +1)
You have a slow metabolism.
Your sharp claws are effective at attacking unaware monsters.


Message History

You are too injured to fight recklessly!
You are too injured to fight recklessly!
You are too injured to fight recklessly!
You barely miss the kobold.
The kobold is moderately wounded.
The kobold barely misses you.
You barely miss the kobold.
The kobold is moderately wounded.
The kobold misses you.
You scratch the kobold.
The kobold is severely wounded.
The kobold hits you.
* * * LOW HITPOINT WARNING * * *
You barely miss the kobold.
The kobold is severely wounded.
The kobold misses you.
You barely miss the kobold.
The kobold is severely wounded.
The kobold hits you.
You die...

.#
#.......#
.#
#..####.#
+# #..#
#.# #..#
#.# #...
#.# #..#.
#.# ... .
#.#
.[...###.#
......K@.#
#....#####
..#


You could see a kobold.

Vanquished Creatures
  An adder (D:2)
  A worm (D:2)
  2 dart slugs
  2 goblins
  A hobgoblin (D:1)
  A frilled lizard (D:2)
  3 kobolds
  3 rats (D:1)
14 creatures vanquished.

Notes
Turn   | Place    | Note
-------+----------+-------------------------------------------
     0 | D:1      | DeadF the Felid Enchanter began the quest for the Orb.
     0 | D:1      | Reached XP level 1. HP: 7/7 MP: 4/4
     0 | D:1      | Noticed an iron dragon
     0 | D:1      | Noticed a tentacled monstrosity
     2 | D:1      | Noticed a yellow draconian
     5 | D:1      | Noticed an ice dragon
     8 | D:1      | Noticed a shadow dragon
    11 | D:1      | Noticed a tentacled monstrosity
    11 | D:1      | Noticed a shadow dragon
    15 | D:1      | Noticed a shadow dragon
    15 | D:1      | Noticed an ice dragon
    15 | D:1      | Noticed a shadow dragon
    17 | D:1      | Noticed a tentacled monstrosity
    17 | D:1      | Noticed an ice dragon
    19 | D:1      | Noticed a large abomination
    19 | D:1      | Noticed a tentacled monstrosity
    21 | D:1      | Noticed an ice dragon
   228 | D:1      | Reached XP level 2. HP: 11/11 MP: 6/6
   247 | D:1      | Learned a level 2 spell: Ensorcelled Hibernation
   905 | D:2      | Slain by a kobold

Illustrated notes

Levels and vault maps discovered:
D:1:      shiori_arrival_whats_in_store_for_you, layout_basic
D:2:      layout_loops_corners, kennysheep_slug_shrine, minmay_pentomino_o4

Action                   || total
-------------------------++-------
Melee: Unarmed           ||    52
       Bite              ||     4
 Cast: Corona            ||     4
       Ensorcelled Hiber ||     1
 Stab: Sleeping          ||     7
  Eat: Chunk             ||     7
Armor: Skin              ||     1
Dodge: Dodged            ||    31
